 Dungeon Crawl Stone Soup version 0.29-a0-757-g358383bc75 (webtiles) character file.

Game seed: 11256531489566149343

322 DuloT34 the Trooper (level 6, 0/51 HPs)
             Began as a Barachi Arcane Marksman on June 30, 2022.
             Succumbed to a scorpion's poison
             ... on level 4 of the Dungeon.
             The game lasted 00:09:35 (7208 turns).

DuloT34 the Trooper (Barachi Arcane Marksman)       Turns: 7208, Time: 00:09:37

Health: 0/51       AC:  7    Str: 11    XL:     6   Next: 47%
Magic:  10/12      EV: 12    Int: 14    God:
Gold:   176        SH:  0    Dex: 14    Spells: 6/13 levels left

rFire   . . .      SeeInvis .   a - +1 sling
rCold   . . .      Faith    .   (no shield)
rNeg    + . .      Spirit   .   c - +0 robe
rPois   .          Reflect  .   (no helmet)
rElec   .          Harm     .   (no cloak)
rCorr   .          Rampage  .   (no gloves)
Will    .....                   (no boots)
Stlth   +.........              (no amulet)
HPRegen 0.17/turn               h - ring of positive energy
MPRegen 0.13/turn               (no ring)

@: lethally poisoned (0 -> -13), ice-armoured, slow
A: amphibious, slowness 1, strong legs 1, +LOS
a: Hop


You were on level 4 of the Dungeon.
You visited 1 branch of the dungeon, and saw 4 of its levels.

You collected 212 gold pieces.
You spent 36 gold pieces at shops.

Inventory:

Hand Weapons
 a - a +1 sling (weapon)
Armour
 c - a +0 robe (worn)
Jewellery
 h - a ring of positive energy (left hand)
Wands
 l - a wand of flame (20)
Scrolls
 b - 2 scrolls of vulnerability
 e - a scroll of teleportation
 f - a scroll of identify
 j - 2 scrolls of fear
 m - a scroll of magic mapping
Potions
 i - a potion of flight {unknown}
 n - a potion of attraction
 r - a potion of resistance {unknown}


   Skills:
 - Level 5.0 Fighting
 + Level 3.3 Ranged Weapons
 - Level 2.1 Dodging
 - Level 4.0 Spellcasting
 - Level 3.2 Hexes


You had 6 spell levels left.
You knew the following spells:

 Your Spells              Type           Power      Damage    Failure   Level
a - Slow                  Hex            48%        N/A       4%          1
b - Portal Projectile     Hex/Tloc       14%        N/A       30%         3
c - Ozocubu's Armour      Ice            2%         N/A       50%         3

Your spell library contained the following spells:

 Spells                   Type           Power      Damage    Failure   Level
 Ensorcelled Hibernation  Hex/Ice        14%        N/A       16%         2
 Poisonous Vapours        Pois/Air       4%         N/A       28%         2
 Inner Flame              Hex/Fire       7%         N/A       30%         3
 Cause Fear               Hex            6%         N/A       45%         4
 Spider Form              Tmut/Pois      2%         N/A       50%         3
 Anguish                  Hex/Necr       3%         N/A       69%         4
 Corpse Rot               Necr/Pois/Air  2%         N/A       88%         4
 Metabolic Englaciation   Hex/Ice        3%         N/A       95%         5
 Simulacrum               Ice/Necr       1%         N/A       100%        6


Dungeon Overview and Level Annotations

Branches:
Dungeon (4/15)
 Temple: D:4-7

Altars:
Elyvilon
Kikubaaqudgha
Qazlal
Trog
Yredelemnul

Shops:
D:2 **(

Annotations:
D:3 2 transporters, Zebulonius's ghost, weakling MiFi


Innate Abilities, Weirdness & Mutations

You are amphibious.
You cover ground slowly.
You can hop short distances.
You have an extended range of vision and can be seen from far away.


Message History

You feel better. The scorpion stings you.
* * * LOW HITPOINT WARNING * * *
Fire: a) +1 sling
Press: ? - help, Q - select action, (/) - cycle Shift-Dir - straight line, f/p - scorpion
Aim: a scorpion (moderately wounded)
You shoot a sling bullet.
The sling bullet closely misses the scorpion.
The scorpion closely misses you.
Fire: a) +1 sling
Press: ? - help, Q - select action, (/) - cycle Shift-Dir - straight line, f/p - scorpion
Aim: a scorpion (moderately wounded)
You shoot a sling bullet.
The sling bullet hits the scorpion but does no damage.
The scorpion is moderately wounded.
The scorpion closely misses you. The scorpion barely misses you.
Fire: a) +1 sling
Press: ? - help, Q - select action, (/) - cycle Shift-Dir - straight line, f/p - scorpion
Aim: a scorpion (moderately wounded)
You shoot a sling bullet.
The sling bullet hits the scorpion but does no damage.
The scorpion is moderately wounded.
The scorpion stings you but does no damage.
Fire: a) +1 sling
Press: ? - help, Q - select action, (/) - cycle Shift-Dir - straight line, f/p - scorpion
Aim: a scorpion (moderately wounded)
You shoot a sling bullet. The sling bullet hits the scorpion.
The scorpion is moderately wounded.
The scorpion stings you.
* * * LOW HITPOINT WARNING * * *
The scorpion stings you.
* * * LOW HITPOINT WARNING * * *
You are lethally poisoned!
The scorpion poisons you!
Okay, then.
Fire: a) +1 sling
Press: ? - help, Q - select action, (/) - cycle Shift-Dir - straight line, f/p - scorpion
Aim: a scorpion (moderately wounded)
You shoot a sling bullet. The sling bullet hits the scorpion.
The scorpion is heavily wounded.
You die...

###################
#.....>..........)#####
#............≈......(≈#
#...............≈.≈^.#.
#.....@......^≈^...#...
#.....#s...§.##^≈..^#.(
###'###.....§^^.(...^..
#.###........§§_.((..
#####.##......≈^.≈^...^..
#.....##......≈§.#..≈^#..
#.....##.......^.#^.^#.#.
#......).###..≈.^^...###.
#.....#### #...^....(^≈≈.


You could see a scorpion.

Vanquished Creatures
  3 hounds
  A jelly (D:4)
  A gnoll (D:2)
  3 adders
  A worm (D:3)
  2 dart slugs
  5 orcs (D:4)
  6 ball pythons
  6 endoplasms
  3 giant cockroaches
  9 goblins
  8 hobgoblins
  3 jackals (D:2)
  8 kobolds
  5 quokkas
  5 bats
  2 frilled lizards (D:1)
  4 rats
75 creatures vanquished.

Vanquished Creatures (collateral kills)
  A phantom (D:4)
1 creature vanquished.

Grand Total: 76 creatures vanquished

Notes
Turn   | Place    | Note
-------+----------+-------------------------------------------
     0 | D:1      | DuloT34 the Barachi Arcane Marksman began the quest for the
                  | Orb.
     0 | D:1      | Reached XP level 1. HP: 15/15 MP: 2/2
   286 | D:1      | Reached XP level 2. HP: 4/21 MP: 5/5
  1482 | D:1      | Found a faded altar of an unknown god.
  1557 | D:1      | Reached XP level 3. HP: 16/26 MP: 7/7
  1763 | D:1      | Learned a level 3 spell: Portal Projectile
  2346 | D:2      | Found Angury's General Store.
  2350 | D:2      | Bought a scroll of teleportation for 36 gold pieces
  2380 | D:2      | Found Rouddev's Assorted Antiques.
  2826 | D:2      | Reached XP level 4. HP: 17/32 MP: 9/9
  3204 | D:2      | Found Cavoat's Antique Weapon Shop.
  3810 | D:2      | Reached skill level 2 in Fighting
  4000 | D:3      | Found a transporter.
  4001 | D:3      | Noticed Zebulonius's ghost (weakling MiFi)
  4002 | D:3      | Found a transporter.
  4002 | D:3      | Noticed an ice beast
  4862 | D:3      | Reached skill level 3 in Fighting
  4862 | D:3      | Reached XP level 5. HP: 21/41 MP: 11/11
  4867 | D:3      | Reached skill level 4 in Fighting
  5166 | D:3      | Found a white marble altar of Elyvilon.
  5175 | D:3      | Learned a level 3 spell: Ozocubu's Armour
  5184 | D:3      | Found an ancient bone altar of Kikubaaqudgha.
  5187 | D:3      | Found a bloodstained altar of Trog.
  5190 | D:3      | Found a basalt altar of Yredelemnul.
  5443 | D:4      | Noticed a phantom
  5873 | D:4      | HP: 1/42 [hound (5)]
  6280 | D:4      | Reached skill level 5 in Fighting
  6280 | D:4      | Reached XP level 6. HP: 39/51 MP: 10/12
  7106 | D:4      | Found a stormy altar of Qazlal.
  7208 | D:4      | Succumbed to a scorpion's poison

Illustrated notes

Levels and vault maps discovered:
D:1:      shiori_arrival_maze, layout_loops_corners,
          ebering_ecumenical_altar_box, minivault_19
D:2:      minmay_angry_zag, layout_basic, serial_shops, shop,
          nicolae_lakefront_shop, shop, minmay_tiny_reverse_x
D:3:      layout_loops_ring, grunt_temple_overflow_cloverleaf,
          gammafunk_ghost_arena, cheibrodos_gnoll_hut
D:4:      layout_basic, grunt_qazlal_sundering

Skill      XL: |  1  2  3  4  5  6 |
---------------+-------------------+-----
Spellcasting   | 2 3 4 |  4.0
Fighting       | 3 5 |  5.0
Ranged Weapons | 3 |  3.3
Dodging        | |  2.1
Hexes          | |  3.2

Action                   |  1- 3 |  4- 6 || total
-------------------------+-------+-------++-------
 Fire: Sling             |   156 |   228 ||   384
 Cast: Slow              |     2 |     4 ||     6
       Ozocubu's Armour  |       |     1 ||     1
  Use: Scroll            |     2 |     9 ||    11
       Potion            |       |     8 ||     8
Armor: Robe              |    31 |    32 ||    63
Dodge: Dodged            |    71 |   120 ||   191

Table legend: (Time is in decaauts)
 A = Elapsed time spent in this place.
 B = Non-inter-level travel time spent in this place.
 C = Inter-level travel time spent in this place.
 D = Time resting spent in this place.
 E = Time spent auto-exploring this place.
 F = Levels seen in this place.
 G = Mean time per level.
                   A        B        C        D        E       F      G
               +--------+--------+--------+--------+--------+-----+--------+
         Total |   7776 |   7676 |    100 |   3321 |   3593 |   4 | 1944.0 |
       Dungeon |   7776 |   7676 |    100 |   3321 |   3593 |   4 | 1944.0 |
               +--------+--------+--------+--------+--------+-----+--------+

Top non-repeatable levels by time:
     D:1: 2540 daAuts
     D:3: 1838 daAuts
     D:2: 1780 daAuts
     D:4: 1618 daAuts
